 Seeded DCSS version 0.28.0-45-g0d030f2227 (webtiles) character file.

Game seed: 9376642942419055868 (custom seed)

58 thiscave3701365 the Chopper (level 4, -4/40 HPs)
             Began as a Hill Orc Berserker on Apr 13, 2022.
             Was a Follower of Trog.
             Slain by a worm (5 damage)
             ... on level 2 of the Dungeon.
             The game lasted 00:01:00 (1136 turns).

thiscave3701365 the Chopper (Hill Orc Berserker)    Turns: 1136, Time: 00:01:01

Health: -4/40      AC:  4    Str: 21    XL:     4   Next: 1%
Magic:  4/4        EV: 12    Int:  7    God:    Trog [*.....]
Gold:   46         SH:  0    Dex: 10    Spells: 3/3 levels left

rFire   . . .      SeeInvis .   g - +3 hand axe
rCold   . . .      Faith    .   (no shield)
rNeg    . . .      Spirit   .   b - +0 animal skin
rPois   .          Reflect  .   (no helmet)
rElec   .          Harm     .   f - +0 cloak
rCorr   .          Rampage  .   (no gloves)
Will    .....                   e - +0 pair of boots
Stlth   +.........              (no amulet)
HPRegen 0.13/turn               (no ring)
MPRegen 0.09/turn               (no ring)

@: lethally poisoned (-4 -> -8), on berserk cooldown, slowed, very slow
A: no striking features
a: Renounce Religion, Berserk


You were on level 2 of the Dungeon.
You worshipped Trog.
Trog was aware of your devotion.
You visited 1 branch of the dungeon, and saw 2 of its levels.

You collected 46 gold pieces.

Inventory:

Hand Weapons
 g - a +3 hand axe (weapon)
Armour
 b - a +0 animal skin (worn)
 e - a +0 pair of boots (worn)
 f - a +0 cloak (worn)
Jewellery
 a - a ring of magical power
Scrolls
 d - a scroll of torment {unknown}
 h - 2 scrolls of identify {unknown}
 i - a scroll of teleportation {unknown}
Potions
 c - a potion of lignification {unknown}


   Skills:
 + Level 4.3 Fighting
 + Level 5.0 Axes
 + Level 2.4 Armour
 + Level 1.9 Dodging
 + Level 0.7 Stealth


You had 3 spell levels left.
You didn't know any spells.
Your spell library was empty.

Dungeon Overview and Level Annotations

Branches:
Dungeon (2/15)

Altars:


Message History

The adder hisses angrily.
The adder pulls away from the web.
The gnoll hits you with a +0 whip.
You barely miss the gnoll. The gnoll hits you with a +0 whip.
* * * LOW HITPOINT WARNING * * *
You slash the gnoll!
The gnoll is almost dead.
The gnoll hits you with a +0 whip.
* * * LOW HITPOINT WARNING * * *
A worm comes into view.
The gnoll misses you.
You closely miss the gnoll.
The gnoll is almost dead.
The adder bites you but does no damage. The gnoll hits you but does no damage.
You hit the gnoll.
You kill the gnoll!
Trog accepts your kill.
You hit the adder but do no damage. The adder barely misses you.
The adder bites you but does no damage.
Your Axes skill increases to level 5!
You have reached level 4!
You closely miss the adder. The adder bites you but does no damage.
The adder barely misses you. The adder bites you but does no damage.
You closely miss the adder. The adder closely misses you.
You hit the adder.
The adder is moderately wounded.
The adder barely misses you. The adder bites you but does no damage.
You miss the adder.
The adder is moderately wounded.
The adder bites you.
* * * LOW HITPOINT WARNING * * *
You are lethally poisoned!
The adder poisons you! The adder misses you.
The adder bites you but does no damage.
You slash the adder!
You kill the adder!
Trog accepts your kill.
You hit the worm.
* * * LOW HITPOINT WARNING * * *
You feel sick. The worm bites you.
You die...

........................
####.......####.######.##
.......))..# #.# #.#.
######.#### #.# #.#. #)#
#.# #... #.## #.# ###.
######..# #.# #...
.........# #.# #.##
########@# #.# #.#
#.....w# #.# .........
#.## ........#! #...
........... ####
......... .. .. .^.^.....
... .. #^_^#>.... ### ..
..


You could see a worm.

Vanquished Creatures
  Robin (D:2)
  A gnoll (D:2)
  2 adders (D:2)
  5 bats (D:1)
  2 endoplasms (D:1)
  3 giant cockroaches
  5 goblins (D:2)
  2 hobgoblins (D:2)
  A quokka (D:2)
  5 ball pythons
  A kobold (D:1)
  A rat (D:1)
29 creatures vanquished.

Notes
Turn   | Place    | Note
-------+----------+-------------------------------------------
     0 | D:1      | thiscave3701365 the Hill Orc Berserker began the quest for
                  | the Orb.
     0 | D:1      | Reached XP level 1. HP: 19/19 MP: 1/1
   505 | D:1      | Reached XP level 2. HP: 27/27 MP: 2/2
   980 | D:2      | Reached XP level 3. HP: 26/33 MP: 3/3
  1094 | D:2      | Noticed Robin
  1116 | D:2      | Killed Robin
  1127 | D:2      | Found a faded altar of an unknown god.
  1132 | D:2      | Reached skill level 5 in Axes
  1132 | D:2      | Reached XP level 4. HP: 5/40 MP: 4/4
  1135 | D:2      | HP: 2/40 [adder (3)]
  1136 | D:2      | Slain by a worm

Illustrated notes

Levels and vault maps discovered:
D:1:      lightli_arrival_windingriver, layout_basic
D:2:      layout_basic, ebering_ecumenical_altar_webs, minmay_tetromino_t2,
          uniq_robin

Skill      XL: |  1  2  3 |
---------------+----------+-----
Fighting       | 4 |  4.3
Axes           | 5 |  5.0
Armour         | |  2.4
Dodging        | |  1.9
Stealth        | |  0.7

Action                   |  1- 3 |  4- 6 || total
-------------------------+-------+-------++-------
Melee: Hand axe          |    82 |     5 ||    87
       Punch             |     1 |       ||     1
Invok: Berserk           |     1 |       ||     1
 Stab: Sleeping          |     3 |       ||     3
Armor: Animal skin       |    36 |     4 ||    40
Dodge: Dodged            |    49 |     4 ||    53
